cohdb
Replays
Latest Replays
All Replays
Popular Replays
Top Player Replays
Match Explorer
How It Works
Community
CoH3 Stats
Reddit
Sign in to upload your games and track your stats! →
Sign in with Steam
Match 47191334
Unlisted
Match 47191334
Overview
Messages
Build Orders
End
Construct Barracks
Riflemen Squad
Riflemen Squad
M1 Mortar Team
Construct Weapon Support Center
M1919 Machine Gun Team
M1919 Machine Gun Team
Construct Medical Station
Grenade Package
Bazooka Squad
Mechanized Support Center
Construct Motor Pool
Engineer Squad
M1918 Browning Automatic Rifles
Bazooka Squad
Improved M9 Bazooka Rockets
M3 Armored Personnel Carrier
Selects Heavy Weapons
Selects M2HB .50cal Heavy Machine Gun
Selects Assault Carriers
Selects Exchangeable Parts
M1 Anti-tank Gun Team
Construct Tank Depot
Selects Gallant Stand
Selects Black Dragon Artillery Barrage
Black Dragon Artillery Barrage
Engineer Squad
Riflemen Squad
=BiA=madafaka
Oncle-Hô
legranduke
_Cold_Coffe_
0
0
Comments
sign in to comment!
No comments posted yet!